 Dungeon Crawl Stone Soup version 0.26.0-10-g1f06aea511 (webtiles) character file.

Game seed: 3032983161847056009

5426 Borgoz the Fighter (level 10, -4/91 HPs)
             Began as a Ghoul Gladiator on Jan 30, 2021.
             Was an Initiate of Ashenzari.
             Slain by a wyvern (10 damage)
             ... on level 9 of the Dungeon.
             The game lasted 00:20:26 (11039 turns).

Borgoz the Fighter (Ghoul Gladiator)               Turns: 11039, Time: 00:20:27

Health: -4/91      AC: 13    Str: 19    XL:     10   Next: 67%
Magic:  9/9        EV: 14    Int:  3    God:    Ashenzari [......]
Gold:   763        SH:  0    Dex: 19    Spells: 9/9 levels left

rFire    + . .     SeeInvis .   a - +3 dagger (elec)
rCold    + . .     Faith    .   (no shield)
rNeg     + + +     Spirit   .   K - +1 scale mail {rF+}
rPois    ∞         Reflect  .   c - +0 helmet
rElec    .         Harm     .   (no cloak)
rCorr    .         Rampage  .   e - +2 pair of gloves
Will     +....                  (no boots)
Stlth    ..........             (no amulet)
HPRegen  0.00/turn              f - ring of willpower
MPRegen  0.11/turn              l - +6 ring of dexterity

@: studying Fighting
A: claws 1, cold resistance 1, negative energy resistance 3, inhibited
regeneration, torment resistance, unbreathing
a: Renounce Religion, Curse Item


You were on level 9 of the Dungeon.
You worshipped Ashenzari.
Ashenzari was noncommittal.
You visited 2 branches of the dungeon, and saw 10 of its levels.
You also visited: Sewer.

You collected 763 gold pieces.

Inventory:

Hand Weapons
 a - a +3 dagger of electrocution (weapon)
 t - a +0 long sword
 F - the +3 falchion of the Twelve Stars {flame, *Slow rElec rPois}
   (You found it on level 5 of the Dungeon)

   It has been specially enchanted to burn those struck by it, causing extra
   injury to most foes and up to half again as much damage against particularly
   susceptible opponents.
   Big, fiery blades are also staple armaments of hydra-hunters.
   It insulates you from electricity.
   It protects you from poison.
   It may slow you when you take damage.
Armour
 c - a +0 helmet (worn)
 e - a +2 pair of gloves (worn)
 K - a +1 scale mail of fire resistance (worn)
Jewellery
 f - a ring of willpower (left hand)
 l - a +6 ring of dexterity (right hand)
Wands
 b - a wand of acid (12)
 z - a wand of flame (28)
Scrolls
 d - a scroll of brand weapon {unknown}
 h - a scroll of amnesia
 j - a scroll of fear
 m - 3 scrolls of remove curse
 o - 10 scrolls of teleportation
 D - a scroll of magic mapping
Potions
 i - 5 potions of flight
 r - a potion of magic
 u - 2 potions of cancellation
Books
 E - a manual of Fighting


   Skills:
 + Level 9.3 Fighting
 * Level 8.7 Long Blades
 - Level 1.8 Throwing
 * Level 8.2 Armour
 + Level 6.4 Dodging


You had 9 spell levels left.
You didn't know any spells.
Your spell library contained the following spells:

 Spells                   Type           Power        Failure   Level
 Corona                   Hex            0%           85%         1
 Summon Small Mammal      Summ           0%           85%         1
 Call Imp                 Summ           0%           94%         2
 Ensorcelled Hibernation  Hex/Ice        0%           94%         2
 Call Canine Familiar     Summ           0%           99%         3
 Confusing Touch          Hex            0%           99%         3
 Dazzling Flash           Conj/Hex       0%           99%         3
 Summon Guardian Golem    Hex/Summ       0%           99%         3
 Tukima's Dance           Hex            0%           99%         3
 Summon Ice Beast         Ice/Summ       0%           100%        4
 Summon Lightning Spire   Summ/Air       0%           100%        4


Dungeon Overview and Level Annotations

Branches:
Dungeon (9/15)             Temple (1/1) D:4            Lair (0/6) D:9
  Sewer (visited)
    Orc: D:9-12

Altars:
Ashenzari
Cheibriados
Dithmenos
Elyvilon
Fedhas
Gozag
Hepliaklqana
Kikubaaqudgha
Makhleb
Nemelex Xobeh
Okawaru
Qazlal
Ru
Sif Muna
Trog
Uskayaw
Vehumet
Wu Jian
Xom
Yredelemnul
Zin
The Shining One

Shops:
D:8 !   D:9 (


Innate Abilities, Weirdness & Mutations

You thrive by killing the living.
You are immune to poison.
You have sharp fingernails.
Your flesh is cold resistant. (rC+)
You are immune to negative energy. (rN+++)
You do not regenerate when monsters are visible.
You are immune to unholy pain and torment.
You can survive without breathing.


Message History

* * * LOW HITPOINT WARNING * * *
You stumble backwards!
Okay, then.
As you read the scroll of teleportation, it crumbles to dust.
You feel strangely unstable. The elephant misses you. x2
Your surroundings suddenly seem different.
A wyvern comes into view.
The wyvern hisses angrily.
A basilisk comes into view.
Found a scroll of remove curse.
Found a staircase to the Lair.
The basilisk hisses angrily.
The wyvern barely misses you.
You hit the wyvern but do no damage.
The wyvern bites you but does no damage.
You hit the wyvern but do no damage. The wyvern bites you!
* * * LOW HITPOINT WARNING * * *
The wyvern bites you but does no damage.
The basilisk hisses menacingly.
The wyvern bites you!
You die...

#.......#...... .>...
................ ....#
#............... ....#
###.....>........
....##..........?l...###
....[..................#
......... #..P..P.#
......# #....Pl.#
...)..# ##....@##
.)..Y.# ##...## #.)...#
#..... #.....# #.....
#.....### ###### . ##
#.......# ### . #.
#####...# .... #.# #.
#......#
....######.###+## #.
#......#
.................####.


You could see a basilisk and a wyvern.

Vanquished Creatures
  A two-headed ogre (D:9)
  Pikel (D:7)
  Joseph (D:7)
  A wyvern (D:9)
  3 yaks
  Duvessa (D:7)
  An orc warrior (D:9)
  A sky beast (D:6)
  Purgy (Sewer)
  3 black bears
  4 ogres
  A phantom (D:6)
  2 lemures (D:7)
  A big kobold (D:7)
  4 bullfrogs
  A wyvern zombie (D:6)
  A gnoll sergeant (D:8)
  Dowan (D:7)
  4 scorpions
  5 wights (D:8)
  A howler monkey (D:5)
  An orc priest (D:7)
  3 jellies
  5 orc wizards
  3 bullfrog skeletons
  A centaur skeleton (D:8)
  A gnoll shaman (D:5)
  7 hounds
  4 iguanas
  7 worker ants
  5 hound skeletons
  3 worker ant zombies (D:3)
  12 gnolls
  2 river rats (D:3)
  14 adders
  4 shadow imps
  3 white imps
  2 ufetubi
  An adder skeleton (D:4)
  An adder zombie (D:5)
  6 worms
  3 dart slugs
  2 leopard geckos
  25 orcs
  7 giant cockroaches
  4 goblins
  8 hobgoblins
  16 jackals
  11 kobolds
  6 quokkas
  6 ball pythons
  A ball python skeleton (D:3)
  5 bats
  7 frilled lizards
  A leopard gecko skeleton (D:7)
  A quokka zombie (D:5)
  6 rats
233 creatures vanquished.

Vanquished Creatures (others)
  6 withered plants (D:3)
6 creatures vanquished.

Grand Total: 239 creatures vanquished

Notes
Turn   | Place    | Note
-------+----------+-------------------------------------------
     0 | D:1      | Borgoz the Ghoul Gladiator began the quest for the Orb.
     0 | D:1      | Reached XP level 1. HP: 17/17 MP: 0/0
   229 | D:1      | Reached XP level 2. HP: 25/25 MP: 1/1
   772 | D:2      | Reached skill level 1 in Armour
  1029 | D:2      | Reached XP level 3. HP: 30/30 MP: 2/2
  1346 | D:2      | Reached XP level 4. HP: 26/37 MP: 3/3
  1843 | D:3      | Found an iron altar of Okawaru.
  2187 | D:3      | Reached XP level 5. HP: 40/44 MP: 4/4
  2236 | D:3      | Reached skill level 3 in Fighting
  2345 | D:3      | Found a glowing drain.
  2445 | Sewer    | Entered a sewer
  2464 | Sewer    | Noticed Purgy
  2494 | Sewer    | Killed Purgy
  2495 | Sewer    | Reached XP level 6. HP: 31/51 MP: 5/5
  3311 | D:4      | Found a staircase to the Ecumenical Temple.
  3476 | D:4      | Reached XP level 7. HP: 58/58 MP: 6/6
  3931 | D:4      | Reached skill level 4 in Fighting
  4083 | D:5      | Entered Level 5 of the Dungeon
  4329 | D:5      | Found a radiant altar of Vehumet.
  4373 | D:5      | Reached skill level 5 in Long Blades
  4684 | D:5      | Reached XP level 8. HP: 50/67 MP: 7/7
  4961 | D:5      | Found a hazy altar of Hepliaklqana.
  4963 | D:5      | Got a shimmering falchion
  5416 | D:6      | Reached skill level 5 in Fighting
  5445 | D:6      | Reached skill level 5 in Armour
  5708 | D:6      | Identified the cursed +3 falchion of the Twelve Stars
                  | {flame, *Slow rElec rPois} (You found it on level 5 of the
                  | Dungeon)
  5740 | D:6      | Found a glowing golden altar of the Shining One.
  6272 | D:6      | Reached skill level 6 in Fighting
  6416 | D:6      | Reached XP level 9. HP: 75/75 MP: 8/8
  6419 | D:6      | Reached skill level 5 in Dodging
  6706 | D:7      | Found a stormy altar of Qazlal.
  6724 | D:7      | Noticed Joseph
  6914 | D:7      | Found a glowing silver altar of Zin.
  7209 | D:7      | Killed Joseph
  7210 | D:7      | Reached skill level 7 in Fighting
  7594 | D:7      | Found a basalt altar of Yredelemnul.
  7742 | D:7      | Noticed Duvessa
  7743 | D:7      | Noticed Dowan
  7772 | D:7      | Killed Duvessa
  7787 | D:7      | Killed Dowan
  8021 | D:7      | Noticed Pikel
  8072 | D:7      | Killed Pikel
  8073 | D:7      | Reached skill level 8 in Fighting
  8083 | D:7      | Reached XP level 10. HP: 23/88 MP: 9/9
  8408 | D:7      | You fall into a shaft and drop 1 floor!
  9096 | D:8      | Found Adara's Distillery.
  9509 | D:8      | Found a shimmering blue altar of Sif Muna.
  9894 | Temple   | Entered the Ecumenical Temple
 10048 | Temple   | Became a worshipper of Ashenzari the Shackled
 10188 | D:9      | Noticed a two-headed ogre
 10207 | D:9      | Killed a two-headed ogre
 10517 | D:8      | Reached skill level 9 in Fighting
 10945 | D:9      | Found Bozith's Weapon Shop.
 10995 | D:9      | Noticed an elephant
 11034 | D:9      | Found a staircase to the Lair.
 11039 | D:9      | Slain by a wyvern

Illustrated notes

Levels and vault maps discovered:
D:1:      dpeg_chamrin_arrival_tetris, layout_basic, hangedman_decor_opposing
D:2:      layout_loops_ring
D:3:      layout_basic, general_overflow_altar, serial_undead, serial_undead_f,
          serial_undead_f, serial_undead_e, serial_undead_a, serial_undead_b,
          serial_undead_d, portal_sewer_entry_b
D:4:      layout_basic, minmay_temple_entry_fiery, minmay_starry_boxes
D:5:      layout_basic, marbit_many_paths, vehumet_altar_wand_db,
          minmay_manual_monstrance
D:6:      layout_loops_ring, minivault_26, tso_metal_star
D:7:      layout_cave_pools, grunt_temple_overflow_open, uniq_pikel,
          uniq_joseph, uniq_duvessa
D:8:      layout_gridville, basic_altar, serial_shops, shop_statue
D:9:      layout_basic, david_lair_generic, orc_0_dummy, serial_shops,
          shop_coins
Temple:   eino_temple_scatter_basement

Skill      XL: |  1  2  3  4  5  6  7  8  9 10 |
---------------+-------------------------------+-----
Long Blades    | 3 4 5 6 7 8 |  8.7
Armour         | 1 2 3 4 5 7 8 |  8.2
Dodging        | 3 4 5 6 |  6.4
Fighting       | 3 4 6 8 9 |  9.3
Throwing       | |  1.8

Action                   |  1- 3 |  4- 6 |  7- 9 | 10-12 || total
-------------------------+-------+-------+-------+-------++-------
Melee: Long sword        |    26 |       |       |       ||    26
       Dagger            |    71 |   315 |   226 |   143 ||   755
       Falchion          |       |       |   227 |    77 ||   304
Throw: Throwing net      |       |       |     6 |       ||     6
  Use: Scroll            |       |     5 |     2 |    16 ||    23
       Potion            |       |     1 |     8 |     1 ||    10
 Stab: Sleeping          |       |     1 |     2 |       ||     3
       Held in net/web   |       |       |     5 |       ||     5
Armor: Leather armour    |    34 |   116 |    75 |       ||   225
       Scale mail        |       |       |   132 |    95 ||   227
Dodge: Dodged            |    69 |   265 |   394 |   180 ||   908
       Rpst.: Long sword |     2 |       |       |       ||     2
       Falchion          |       |       |    60 |    26 ||    86
